 Dungeon Crawl Stone Soup version 0.30.1 (webtiles) character file.

Game seed: 6392118169608476167

353649 Cheops the Earth Mage (level 21, -3/228 HPs)
             Began as an Armataur Earth Elementalist on June 26, 2023.
             Was an Elder of Uskayaw.
             Killed from afar by Xtahua (24 damage)
             ... with a searing blast
             ... on level 3 of the Vaults on July 1, 2023.
             The game lasted 11:03:08 (86149 turns).

Cheops the Earth Mage (AtEE)                       Turns: 86149, Time: 11:03:09

Health: -3/228     AC: 39    Str: 15    XL:     21   Next: 34%
Magic:  37/37      EV: 14    Int: 30    God:    Uskayaw [****..]
Gold:   2343       SH: 14    Dex: 17    Spells: 5/44 levels left

rFire   . . .        b - +10 scimitar of a bazaar {holy, *Rage rElec rN+ SInv}
rCold   + + .        F - +3 buckler {AC+3}
rNeg    + + .        D - melded +5 steam dragon scales
rPois   ∞            A - +0 helmet {Int+3}
rElec   +            B - +2 cloak "Arulazij" {rCorr Dex+3}
rCorr   +            E - melded +2 pair of gloves {Dex+3}
SInv    +            C - melded +4 barding "Tyblap Giarch" {Contam rPois Str+8 Slay-3}
Will    ++...        t - amulet of reflection
Stlth   +++++++      u - ring "Rocript" {rC+ Will+ Dex+3 Stlth+}
HPRegen 0.58/turn    T - ring of Salvation {rC+ EV+5 Int+2}
MPRegen 0.25/turn

%: random rage (20%), reflection, roll
@: about to teleport, statue-form, studying Polearms, very slow
A: slow and powerful, torment resistance 1, boosted hp, large, rugged brown
scales 3, deformed body, armoured tail, roll, long tongue, awkward tongue
}: 2/15 runes: serpentine, barnacled
a: End Transformation, Renounce Religion, Stomp, Line Pass


You were on level 3 of the Vaults.
You worshipped Uskayaw.
Uskayaw was aware of your devotion.
You were a living statue of rough stone.
You visited 8 branches of the dungeon, and saw 37 of its levels.
You also visited: Ossuary, Gauntlet and Wizlab.

You collected 4802 gold pieces.
You spent 2459 gold pieces at shops.

Inventory:

Hand Weapons
 b - the +10 scimitar of a bazaar (weapon) {holy, *Rage rElec rN+ SInv}
   (You bought it in a shop on level 2 of the Orcish Mines)

   rElec:     It insulates you from electricity.
   rN:        It protects you from negative energy.
   SInv:      It lets you see invisible.
   *Rage:     It berserks you when you make melee attacks (+20% chance).
 c - a +9 dagger of electrocution
 d - the +3 long sword "Upapidd" {freeze, rElec Str+4}
   (You bought it in a shop on level 2 of the Orcish Mines)

   Str:       It affects your strength (+4).
   rElec:     It insulates you from electricity.
Armour
 A - a +0 helmet of intelligence (worn)
 B - the +2 cloak "Arulazij" (worn) {rCorr Dex+3}
   (You found it on level 10 of the Dungeon)

   Dex:       It affects your dexterity (+3).
   rCorr:     It protects you from acid and corrosion.
 C - the +4 barding "Tyblap Giarch" (melded) {Contam rPois Str+8 Slay-3}
   (You acquired it on level 9 of the Dungeon)

   Str:       It affects your strength (+8).
   Slay:      It affects your accuracy & damage with ranged weapons and melee
   (-3).
   rPois:     It protects you from poison.
   Contam:    It causes magical contamination when unequipped.
 D - +5 steam dragon scales (melded)
 E - a +2 pair of gloves of dexterity (melded)
 F - a +3 buckler of protection (worn)
 G - the sphere of Battle
   (You bought it in a shop on level 1 of the Vaults)

   It enhances your destructive magic.
   It weakens your non-destructive magic.
   It summons a battlesphere in combat, with strength depending on Conjurations
   skill.
Magical Staves
 a - the staff of earth "Osyres" {MP+9 Str+3 Int+3 Dex-2, !a}
   (You found it on level 3 of the Elven Halls)

   [staff of earth]

   Base accuracy: +5 Base damage: 5 Base attack delay: 1.2 This weapon's minimum
   attack delay (0.6) is reached at skill level 12.
   Str:       It affects your strength (+3).
   Int:       It affects your intelligence (+3).
   Dex:       It affects your dexterity (-2).
   MP:        It affects your magic capacity (+9).
   It falls into the 'Staves' category.
   It is a one-handed weapon.
Jewellery
 t - an amulet of reflection (around neck)
 u - the ring "Rocript" (left fist) {rC+ Will+ Dex+3 Stlth+}
   (You acquired it on level 2 of the Elven Halls)

   [ring of protection from cold]

   Dex:       It affects your dexterity (+3).
   rC:        It protects you from cold.
   Will:      It increases your willpower.
   Stlth:     It makes you more stealthy.
 L - the ring of the Fool {rF+ Will+ MP+9}
   (You took it off a deep elf annihilator on level 3 of the Elven Halls)

   [ring of willpower]

   rF:        It protects you from fire.
   MP:        It affects your magic capacity (+9).
   Will:      It increases your willpower.
 M - the ring "Eblad Erukoa" {*Slow rElec rF+++ rN+ Dex-4}
   (You took it off a minotaur on level 4 of the Shoals)

   [ring of positive energy]

   Dex:       It affects your dexterity (-4).
   rF:        It renders you almost immune to fire.
   rElec:     It insulates you from electricity.
   rN:        It protects you from negative energy.
   *Slow:     It may slow you when you take damage.
 N - a ring of positive energy
 S - the ring "Awkiocap" {rElec rC+ Int+3 Stlth-}
   (You took it off a deep elf demonologist on level 3 of the Elven Halls)

   [ring of protection from cold]

   Int:       It affects your intelligence (+3).
   rC:        It protects you from cold.
   rElec:     It insulates you from electricity.
   Stlth:     It makes you less stealthy.
 T - the ring of Salvation (right fist) {rC+ EV+5 Int+2}
   (You took it off a merfolk on level 4 of the Shoals)

   [ring of evasion]

   EV:        It affects your evasion (+5).
   Int:       It affects your intelligence (+2).
   rC:        It protects you from cold.
 U - a +5 ring of evasion
Wands
 e - a wand of mindburst (24)
 h - a wand of acid (17)
 w - a wand of digging (8)
 K - a wand of flame (60)
 O - a wand of roots (21)
 Q - a wand of paralysis (28)
Scrolls
 k - 13 scrolls of teleportation
 m - 8 scrolls of fog
 s - 2 scrolls of poison
 v - a scroll of summoning
 x - a scroll of acquirement
 y - 3 scrolls of fear
 H - 3 scrolls of magic mapping
 V - a scroll of silence
 Y - 3 scrolls of blinking
Potions
 f - 22 potions of curing
 i - 12 potions of might
 j - 2 potions of invisibility
 l - 8 potions of brilliance
 n - 4 potions of resistance
 o - 4 potions of ambrosia
 p - 2 potions of berserk rage
 q - a potion of heal wounds
 r - 11 potions of mutation
 z - 4 potions of cancellation
 I - 5 potions of haste
 P - 17 potions of lignification
 R - 7 potions of flight
 X - 3 potions of magic
Miscellaneous
 g - a lightning rod (4/4)
 J - a box of beasts (inert)
 W - a phial of floods
 Z - a phantom mirror


   Skills:
 - Level 9.1 Fighting
 - Level 10.0(12.7) Short Blades
 - Level 12.6(14.0) Long Blades
 - Level 1.3 Dodging
 - Level 13.7 Stealth
 - Level 5.1 Shields
 - Level 12.0 Spellcasting
 - Level 15.0 Conjurations
 - Level 6.7 Necromancy
 - Level 6.0 Translocations
 - Level 11.0 Transmutations
 - Level 15.0 Earth Magic
 + Level 11.3 Invocations
 - Level 8.0 Evocations


You had 5 spell levels left.
You knew the following spells:

 Your Spells              Type           Power      Damage    Failure   Level
a - Sandblast             Erth           100%       2d20      0%          1
b - Stone Arrow           Conj/Erth      100%       3d13      1%          3
c - Iron Shot             Conj/Erth      41%        9d8       1%          6
d - Lee's Rapid Deconstr  Erth           41%        3d20*     1%          5
p - Petrify               Tmut/Erth      77%        N/A       1%          4
v - Borgnjor's Vile Clut  Necr/Erth      35%        N/A       1%          5
A - Apportation           Tloc           100%       N/A       1%          1
B - Sublimation of Blood  Necr           55%        N/A       1%          2
I - Iskenderun's Mystic   Conj/Tloc      69%        2d14      1%          4
P - Passwall              Tmut/Erth      64%        N/A       1%          2
S - Statue Form           Tmut/Erth      51%        N/A       2%          6

Your spell library contained the following spells:

 Spells                   Type           Power      Damage    Failure   Level
 Magic Dart               Conj           100%       1d8       0%          1
 Beastly Appendage        Tmut           100%       N/A       1%          1
 Necrotise                Necr           100%       1d9       1%          1
 Shock                    Conj/Air       100%       1d9       1%          1
 Sting                    Tmut/Pois      100%       1d8       1%          1
 Static Discharge         Conj/Air       100%       2-7/arc   1%          2
 Wereblood                Tmut           71%        N/A       1%          2
 Dazzling Flash           Conj/Hex       100%       N/A       1%          3
 Mephitic Cloud           Conj/Pois/Air  48%        N/A       1%          3
 Spider Form              Tmut/Pois      50%        N/A       1%          3
 Vampiric Draining        Necr           55%        2d9       1%          3
 Animate Armour           Summ/Erth      100%       N/A       1%          4
 Fulminant Prism          Conj/Hex       29%        3d13      1%          4
 Leda's Liquefaction      Hex/Erth       29%        N/A       1%          4
 Sticky Flame             Conj/Fire      58%        2d7       1%          4
 Blade Hands              Tmut           35%        N/A       1%          5
 Irradiate                Conj/Tmut      38%        3d24      1%          5
 Cigotuvi's Dreadful Rot  Necr/Pois/Air  62%        N/A       2%          2
 Ignite Poison            Fire/Tmut/Pois 39%        N/A       2%          3
 Dispel Undead            Necr           55%        3d20      2%          4
 Slow                     Hex            72%        N/A       3%          1
 Summon Small Mammal      Summ           72%        N/A       3%          1
 Portal Projectile        Hex/Tloc       72%        N/A       3%          3
 Volatile Blastmotes      Fire/Tloc      72%        2d16      3%          3
 Manifold Assault         Tloc           52%        N/A       3%          4
 Call Imp                 Summ           36%        N/A       5%          2
 Ensorcelled Hibernation  Hex/Ice        36%        N/A       5%          2
 Anguish                  Hex/Necr       19%        N/A       9%          4
 Call Canine Familiar     Summ           18%        N/A       11%         3
 Confusing Touch          Hex            18%        N/A       11%         3
 Ozocubu's Armour         Ice            18%        N/A       11%         3
 Summon Guardian Golem    Hex/Summ       18%        N/A       11%         3
 Swiftness                Air            18%        N/A       11%         3
 Alistair's Intoxication  Tmut/Pois      33%        N/A       11%         5
 Yara's Violent Unravell  Hex/Tmut       25%        3d11      11%         5
 Freezing Cloud           Conj/Ice/Air   24%        6-21      13%         5
 Airstrike                Air            9%         2d(2-18)  34%         4
 Cause Fear               Hex            9%         N/A       34%         4
 Olgreb's Toxic Radiance  Pois           18%        N/A       34%         4
 Summon Lightning Spire   Summ/Air       18%        N/A       34%         4
 Starburst                Conj/Fire      29%        6d9       26%         6
 Death Channel            Necr           27%        N/A       34%         6
 Dispersal                Tloc           26%        N/A       43%         6
 Lehudib's Crystal Spear  Conj/Erth      41%        10d10     45%         8
 Eringya's Noxious Bog    Tmut/Pois      25%        N/A       50%         6
 Simulacrum               Ice/Necr       19%        N/A       80%         6
 Spellforged Servitor     Conj/Summ      29%        N/A       80%         7
 Enfeeble                 Hex            9%         N/A       100%        7
 Ozocubu's Refrigeration  Ice            9%         4d9       100%        7
 Summon Hydra             Summ           9%         N/A       100%        7
 Disjunction              Tloc           26%        N/A       100%        8
 Fire Storm               Conj/Fire      29%        8d7       100%        9
 Polar Vortex             Ice            9%         N/A       100%        9


Dungeon Overview and Level Annotations

Branches:
Dungeon (15/15)            Temple (1/1) D:5            Lair (5/5) D:11
 Shoals (4/4) Lair:2        Snake (4/4) Lair:3        Slime (0/5) Lair:5
    Orc (2/2) D:10            Elf (3/3) Orc:2        Vaults (3/5) D:13
  Crypt (0/3) Vaults:2     Depths (0/4) D:15        Ossuary (visited)
 WizLab (visited)         Gauntlet (visited)

Altars:
Ashenzari
Cheibriados
Dithmenos
Elyvilon
Fedhas
Gozag
Hepliaklqana
Kikubaaqudgha
Makhleb
Nemelex Xobeh
Okawaru
Qazlal
Ru
Sif Muna
Trog
Uskayaw
Vehumet
Wu Jian
Xom
Yredelemnul
Zin
The Shining One

Shops:
D:2 !   D:9 *   Orc:2 ((*:([(   Elf:1 [   Elf:3 (   Vaults:1 [

Portals:
Trove: D:14 (give 12 scrolls of teleportation)

Annotations:
Elf:2 6 runed translucent doors, 0gre's ghost, adept GnIE
Vaults:3 Xtahua


Innate Abilities, Weirdness & Mutations

You are a living statue of rough stone.
Your actions are slow, but your melee attacks are powerful.
You are resistant to unholy torment.
Your maximum health is greatly increased.
You are immune to poison.
Your equipment is partially melded.
(You are completely covered in rugged brown scales. (AC +3, +7% HP))
Armour fits poorly on your strangely shaped body.
You have a long armoured tail.
You roll when moving toward enemies. (Rampage)
Your long tongue fully drains potion bottles. (2x potion effects)
Your tongue gives you trouble enunciating. (1.5x scroll delay)


Message History

You slurp down every last drop of the potion of heal wounds!
The ironbound preserver is no longer sharing its pain.
Xtahua thunders ferociously at you!
You easily resist.
The ironbound preserver casts a spell.
The ironbound preserver is healed somewhat.
You block the ironbound preserver's attack.
Xtahua bites you but does no damage. You block Xtahua's attack.
Xtahua tramples you but does no damage.
Aiming: Grand Finale
Press: ? - help, Shift-Dir - straight line, f - Xtahua
Aim: Xtahua (heavily wounded, catching their breath, sharing their pain)
You fail to use your ability.
The sentinel's mark upon you fades away.
Xtahua is no longer sharing their pain.
Xtahua bites you!
* * * LOW HITPOINT WARNING * * *
Xtahua claws you but does no damage. Xtahua tramples you!
* * * LOW HITPOINT WARNING * * *
You stumble backwards!
The ironbound preserver mumbles some strange words.
The ironbound preserver is healed somewhat.
Aiming: Grand Finale
Press: ? - help, Shift-Dir - straight line, f/p - Xtahua
Aim: Xtahua (heavily wounded)
You fail to use your ability.
You block Xtahua's attack. Xtahua claws you but does no damage.
You block Xtahua's attack.
The ironbound preserver closely misses you.
Xtahua breathes fire at you. The searing blast hits you!!!
* * * LOW HITPOINT WARNING * * *
Blink to where?
Press: ? - help, Dir - move target, p - Xtahua As you slowly read the scroll of blinking, it crumbles to dust.
You can no longer merge with and destroy a victim.
As you slowly read the scroll of teleportation, it crumbles to dust.
You feel strangely unstable.
You recover from your berserk rage.
Xtahua breathes fire at you. The searing blast hits you!!
You die...

[.[..####..####..'..####'##..#...
###..#..#..'..#..))## #..#..#...
#..#..#.)#..#..#.# #####.'...
#..#'##.)####....+ #.#...
#.......).÷....#.# .#+##.#...
#.......).÷))..#.. ......#...
#..####..####..### #######...
#..#..#..#..#..# ###########...
#..#..+..'..#.8# #.........#...
#..####..####..# #.........#...
#..............# #.........#...
+........).....# #.........'..)
##########D##### #.........#..)
#....p))# #......[..#...
#.....).# #......<..#...
#.......# #.........#...
#.......# #.........#...


You could see Xtahua (catching breath) and an ironbound preserver.

Vanquished Creatures
  Mara (Vaults:3)
  Bai Suzhen (Vaults:3)
  Saint Roka (Vaults:3)
  Vashnia (Snake:3)
  A walking crystal tome (WizLab)
  Jorgrun (Elf:1)
  Asterion (Snake:3)
  A walking divine tome (WizLab)
  2 deep elf blademasters (Elf:3)
  2 deep elf master archers (Elf:3)
  4 sphinxes
  Gastronok (D:9)
  Kirke (Shoals:1)
  3 tengu reavers
  11 nagarajas
  Agnes (D:15)
  Roxanne (D:15)
  A frost giant (Vaults:1)
  2 deep elf sorcerers (Elf:3)
  11 vault wardens
  Louise (Snake:1)
  7 ironbound preservers
  3 orc warlords
  2 deep elf elementalists (Elf:3)
  An emperor scorpion (shapeshifter) (D:14)
  7 very ugly things
  A war gargoyle (Vaults:1)
  9 ironbound thunderhulks
  2 stone giants
  8 deep elf annihilators
  6 deep elf demonologists
  8 dire elephants
  3 minotaurs
  A crystal guardian (Vaults:3)
  An ettin (Vaults:3)
  2 entropy weavers (Vaults:1)
  7 deep elf death magi
  9 yaktaur captains
  A great orb of eyes (Vaults:1)
  2 deep elf high priests
  An entropy weaver (shapeshifter) (Elf:1)
  2 rakshasas (WizLab)
  An ice dragon (Shoals:2)
  8 vault guards
  2 merfolk impalers (Shoals:4)
  Harold (D:10)
  A peacekeeper (Vaults:3)
  2 ironbound frosthearts
  4 hydras
  An ogre mage (Vaults:1)
  2 catoblepae
  3 merfolk avatars
  3 merfolk aquamancers
  16 anacondas
  21 dancing weapons
  2 boulder beetles
  21 centaur warriors
  2 two-headed ogres
  8 satyrs
  A death knight (D:14)
  A deep troll shaman (Lair:5)
  4 tengu warriors
  25 naga warriors
  4 death yaks (Lair:5)
  12 shock serpents
  3 orc high priests (Orc:2)
  18 naga sharpshooters
  6 deep elf knights
  6 skeletal warriors
  A shadow wraith (Vaults:1)
  8 skysharks
  2 salamander mystics (Snake:4)
  10 sea snakes
  A glowing orange brain (shapeshifter) (Vaults:2)
  28 deep trolls
  11 deep elf archers
  A phantasmal warrior (Vaults:2)
  17 ironbound convokers
  4 wizards
  2 necromancers
  5 lindwurms
  22 harpies
  9 naga ritualists
  10 orc knights
  17 mana vipers
  23 deep elf pyromancers
  25 deep elf zephyrmancers
  7 orc sorcerers
  10 salamanders
  A cyclops (shapeshifter) (Vaults:1)
  13 manticores
  9 elephants (Lair:5)
  13 ugly things
  12 cyclopes
  16 fauns
  11 guardian serpents
  2 stone giant skeletons (Vaults:2)
  A black mamba (shapeshifter) (Elf:1)
  42 slime creatures
  A fire giant skeleton (Vaults:2)
  3 merfolk sirens
  21 naga magi
  41 black mambas
  A frost giant skeleton (Vaults:2)
  4 water nymphs
  A torpor snail (Lair:3)
  15 vault sentinels
  A rime drake (Lair:2)
  7 cane toads
  Maggie (D:9)
  2 unseen horrors
  28 yaktaurs
  A tengu conjurer (D:14)
  3 human skeletons (Vaults:2)
  2 yaktaur skeletons (Vaults:2)
  7 komodo dragons
  4 red devils (D:15)
  11 trolls
  3 freezing wraiths (D:14)
  6 polar bears
  18 merfolk
  A wolf spider simulacrum (D:15)
  10 wind drakes
  A harpy zombie (D:15)
  7 blink frogs
  5 snapping turtles
  11 dream sheep
  4 air elementals
  8 wyverns
  12 water elementals
  2 wraiths
  3 basilisks
  An ettin skeleton (Vaults:2)
  A fire elemental (Elf:1)
  57 yaks
  Eustachio (D:3)
  2 steam dragons (D:7)
  4 hogs (Shoals:1)
  7 vampire mosquitoes
  Grum (D:9)
  3 elf skeletons (Vaults:2)
  A harpy simulacrum (D:15)
  4 redbacks (Vaults:1)
  3 wargs (Orc:2)
  Menkaure (D:4)
  6 acid dragons
  50 nagas
  Duvessa (D:7)
  2 glowing shapeshifter skeletons (Vaults:2)
  9 water moccasins
  An ice beast (shapeshifter) (D:14)
  3 sky beasts (D:7)
  A swamp drake (Orc:2)
  2 ice beasts
  7 black bears
  A black bear (shapeshifter) (D:14)
  35 orc warriors
  11 ogres
  4 boggarts (Vaults:3)
  19 wolves
  14 centaurs
  A phantom (D:5)
  4 kobold brigands
  4 elf zombies (Ossuary)
  11 bullfrogs
  3 gnoll sergeants
  3 earth elementals
  5 scorpions
  6 wights
  Dowan (D:7)
  4 killer bees (D:9)
  2 howler monkeys
  5 electric eels
  6 centaur zombies
  A crimson imp (Orc:2)
  2 hounds
  A jelly (D:5)
  3 human zombies (Ossuary)
  20 orc priests
  Crazy Yiuf (D:2)
  An iron imp (Orc:2)
  2 sleepcaps
  5 iguanas
  31 orc wizards
  A boggart skeleton (D:15)
  3 mummies (Ossuary)
  23 gnolls
  10 adders
  3 shadow imps
  3 white imps
  2 ufetubi (D:5)
  A worm (D:4)
  5 dart slugs
  93 orcs
  4 ball pythons
  8 endoplasms
  3 giant cockroaches
  11 goblins
  10 hobgoblins
  4 jackals (D:1)
  26 kobolds
  3 quokkas
  4 bats
  3 frilled lizards
  3 rats
1485 creatures vanquished.

Vanquished Creatures (others)
  A deep elf knight (Elf:2)
  2 humans (Shoals:1)
  6 orcs
9 creatures vanquished.

Grand Total: 1494 creatures vanquished

Notes
Turn   | Place    | Note
-------+----------+-------------------------------------------
     0 | D:1      | Cheops the Armataur Earth Elementalist began the quest for
                  | the Orb.
     0 | D:1      | Reached XP level 1. HP: 14/14 MP: 3/3
   199 | D:1      | Reached XP level 2. HP: 5/21 MP: 0/5
  1288 | D:2      | Reached XP level 3. HP: 27/27 MP: 3/6
  1291 | D:2      | Learned a level 2 spell: Passwall
  1295 | D:2      | Learned a level 3 spell: Stone Arrow
  1685 | D:2      | Found a faded altar of an unknown god.
  1753 | D:2      | Reached XP level 4. HP: 35/35 MP: 3/7
  1946 | D:2      | Found a runed translucent door.
  1947 | D:2      | Noticed Crazy Yiuf
  2019 | D:2      | Found Hiruum's Distillery.
  2022 | D:2      | Bought a potion of curing for 39 gold pieces
  2022 | D:2      | Bought a potion of heal wounds for 65 gold pieces
  2472 | D:2      | Reached XP level 5. HP: 32/40 MP: 3/8
  2675 | D:3      | Reached skill level 5 in Earth Magic
  3455 | D:4      | Reached skill level 5 in Stealth
  3455 | D:4      | Reached skill level 1 in Conjurations
  3455 | D:4      | Reached XP level 6. HP: 19/48 MP: 0/9
  3859 | D:4      | Noticed Menkaure
  3862 | D:4      | Killed Menkaure
  3962 | D:4      | Reached XP level 7. HP: 53/53 MP: 0/10
  4591 | D:4      | Noticed Eustachio
  4840 | D:3      | Killed Eustachio
  5264 | D:5      | Entered Level 5 of the Dungeon
  5504 | D:5      | Reached skill level 1 in Short Blades
  5603 | D:5      | Reached XP level 8. HP: 55/60 MP: 5/12
  5768 | D:5      | Found a staircase to the Ecumenical Temple.
  6277 | D:5      | Learned a level 4 spell: Petrify
  6765 | Temple   | Entered the Ecumenical Temple
  6931 | Temple   | Became a worshipper of Uskayaw the Reveller
  7038 | D:6      | Found an opulent altar of Gozag.
  7040 | D:6      | Reached * piety under Uskayaw
  7163 | D:6      | Reached ** piety under Uskayaw
  7164 | D:6      | Reached skill level 1 in Transmutations
  8214 | D:6      | Reached XP level 9. HP: 66/66 MP: 8/13
  8285 | D:6      | Reached *** piety under Uskayaw
  8839 | D:2      | Bought a potion of brilliance for 52 gold pieces
  9004 | D:7      | Found a sand-covered staircase.
  9011 | Ossuary  | Entered an ossuary
  9041 | Ossuary  | Reached **** piety under Uskayaw
  9051 | Ossuary  | Reached ***** piety under Uskayaw
  9186 | Ossuary  | Reached skill level 5 in Conjurations
  9360 | Ossuary  | Reached skill level 10 in Stealth
  9519 | D:7      | Noticed Duvessa
  9520 | D:7      | Noticed Dowan
 10255 | D:7      | Killed Duvessa
 10474 | D:7      | Found a shimmering blue altar of Sif Muna.
 10478 | D:7      | Reached XP level 10. HP: 73/73 MP: 12/14
 10630 | D:7      | Found a shimmering blue altar of Sif Muna.
 10670 | D:7      | Killed Dowan
 11881 | D:8      | Found a snail-covered altar of Cheibriados.
 11881 | D:8      | Found a shimmering altar of Xom.
 12165 | D:7      | Learned a level 5 spell: Lee's Rapid Deconstruction
 12421 | D:9      | Noticed Gastronok
 12435 | D:9      | Killed Gastronok
 12436 | D:9      | Reached skill level 5 in Transmutations
 12559 | D:9      | Found Xietz's Assorted Antiques.
 12567 | D:9      | Bought a scroll of identify for 50 gold pieces
 12567 | D:9      | Bought a granite ring for 125 gold pieces
 12567 | D:9      | Bought a fizzy orange potion for 22 gold pieces
 12567 | D:9      | Identified a scroll of acquirement
 12568 | D:9      | Acquired the +4 barding "Tyblap Giarch" {Contam rPois Str+8
                  | Slay-3}
 13092 | D:9      | Noticed Grum
 13102 | D:9      | Killed Grum
 14267 | D:9      | Noticed Maggie
 14305 | D:9      | Killed Maggie
 14306 | D:9      | Reached XP level 11. HP: 79/79 MP: 4/15
 14878 | D:10     | Entered Level 10 of the Dungeon
 15126 | D:10     | Found a staircase to the Orcish Mines.
 15444 | D:10     | Reached skill level 10 in Earth Magic
 15979 | D:10     | Reached skill level 1 in Evocations
 16451 | D:10     | Identified the +2 cloak "Arulazij" {rCorr Dex+3}
 16480 | D:10     | Noticed Harold
 16492 | D:10     | Killed Harold
 16603 | D:10     | Found a blossoming altar of Fedhas.
 16603 | D:10     | Found a burning altar of Makhleb.
 17227 | D:2      | Killed Crazy Yiuf
 17477 | D:11     | Found a staircase to the Lair.
 17482 | D:11     | Reached skill level 1 in Invocations
 18297 | D:11     | Noticed a tengu warrior
 18304 | D:11     | Killed a tengu warrior
 18445 | D:11     | Acquired a staff of earth
 18479 | D:11     | Found the +18 Lear's hauberk
 19098 | D:12     | You fall into a shaft and drop 2 floors!
 19226 | D:13     | Noticed a centaur warrior
 19255 | D:13     | Killed a centaur warrior
 19334 | D:12     | Reached XP level 12. HP: 64/87 MP: 9/18
 19504 | D:13     | Reached skill level 1 in Fighting
 19832 | D:13     | Noticed a two-headed ogre
 19933 | D:13     | Killed a two-headed ogre
 20104 | D:13     | Found a gate to the Vaults.
 20383 | D:12     | Reached skill level 5 in Short Blades
 21007 | D:12     | Reached ****** piety under Uskayaw
 21281 | D:12     | Found a blossoming altar of Fedhas.
 22228 | D:12     | Reached skill level 5 in Fighting
 22427 | D:12     | Found a blossoming altar of Fedhas.
 22996 | D:12     | Found a blossoming altar of Fedhas.
 23881 | D:14     | Noticed a two-headed ogre
 23886 | D:14     | Killed a two-headed ogre
 23921 | D:14     | Noticed a centaur warrior
 23933 | D:14     | Killed a centaur warrior
 24034 | D:14     | Found a shimmering blue altar of Sif Muna.
 24034 | D:14     | Noticed a catoblepas
 24048 | D:14     | Found an ancient bone altar of Kikubaaqudgha.
 24049 | D:14     | Killed a catoblepas
 24084 | D:14     | Found an ancient bone altar of Kikubaaqudgha.
 24084 | D:14     | Found a glowing golden altar of the Shining One.
 24084 | D:14     | Found a shimmering altar of Xom.
 24084 | D:14     | Found a shimmering blue altar of Sif Muna.
 24216 | D:14     | Noticed a centaur warrior
 24223 | D:14     | Killed a centaur warrior
 24460 | D:14     | Noticed a quicksilver ooze
 24461 | D:14     | a quicksilver ooze changed into an emperor scorpion
 24461 | D:14     | Noticed an emperor scorpion (shapeshifter)
 24466 | D:14     | Noticed a death knight
 24471 | D:14     | Killed an emperor scorpion
 24620 | D:14     | Reached XP level 13. HP: 67/109 MP: 9/19
 24914 | D:14     | Found a portal to a secret trove of treasure.
 26281 | D:14     | Found a shimmering altar of Xom.
 26701 | D:14     | Found a portal to a secret trove of treasure.
 26837 | D:15     | Entered Level 15 of the Dungeon
 26840 | D:15     | Identified the +9 quarterstaff of Roluvigh {heavy, rPois
                  | Int-3 Dex+5}
 27916 | D:15     | Noticed Agnes
 28004 | Lair:1   | Entered Level 1 of the Lair of Beasts
 28348 | Lair:1   | Reached skill level 10 in Short Blades
 28873 | Lair:1   | Reached skill level 1 in Shields
 28907 | Lair:1   | Reached skill level 5 in Invocations
 29930 | Lair:2   | Found a staircase to the Shoals.
 30158 | Lair:2   | Reached skill level 5 in Shields
 31299 | Lair:2   | Reached skill level 5 in Spellcasting
 31879 | Lair:3   | Found a staircase to the Snake Pit.
 31895 | Lair:3   | Found the +16 obsidian axe {drain, demonic, Mesm Drain Fly
                  | SInv}
 32178 | Lair:3   | Reached XP level 14. HP: 120/120 MP: 6/21
 33201 | Lair:4   | Learned a level 4 spell: Iskenderun's Mystic Blast
 33454 | Lair:4   | Reached skill level 1 in Translocations
 34418 | Lair:5   | Entered Level 5 of the Lair of Beasts
 34490 | Lair:5   | Found a gate leading to a gauntlet.
 34522 | Gauntlet | Entered a Gauntlet
 34522 | Gauntlet | Found a transporter.
 34534 | Gauntlet | Found a transporter.
 34535 | Gauntlet | Found a transporter.
 34544 | Gauntlet | Found a transporter.
 34546 | Gauntlet | Found a transporter.
 34547 | Gauntlet | Found a transporter.
 34555 | Gauntlet | Found a runed translucent door.
 34559 | Gauntlet | Found a transporter.
 34560 | Gauntlet | Found a transporter.
 34567 | Gauntlet | Found a transporter.
 34568 | Gauntlet | Found a transporter.
 34571 | Gauntlet | Found a transporter.
 34572 | Gauntlet | Found a transporter.
 34580 | Gauntlet | Found a transporter.
 34640 | Gauntlet | Found a transporter.
 34934 | Gauntlet | Identified the +2 war axe "Axenni Duch" {holy, rF+ rCorr
                  | Str+2 Stlth+}
 34934 | Gauntlet | Identified the +0 ring mail "Dixkeh" {rPois Int+3}
 34937 | Gauntlet | Identified the +4 tower shield "Weurorghe" {Drain rElec
                  | rPois Str+2}
 34941 | Gauntlet | Identified the +0 troll leather armour of Narcissism
                  | {Regen+ Str+2 Int+3 Dex+3 Stlth-}
 34942 | Gauntlet | Got the Information on the Toxic Mesa
 35064 | Lair:5   | Identified the +10 quarterstaff "Xinker" {venom, Str+3
                  | Stlth+}
 35255 | Lair:5   | Reached skill level 5 in Translocations
 35937 | Lair:5   | Identified the +10 spear of the Vase {heavy, rC+ Stlth+}
 36701 | Lair:5   | Learned a level 5 spell: Borgnjor's Vile Clutch
 36726 | Lair:5   | Reached skill level 1 in Necromancy
 37327 | Lair:5   | Found a staircase to the Slime Pits.
 37734 | Orc:1    | Entered Level 1 of the Orcish Mines
 37924 | Orc:1    | Found an ornate altar of the Wu Jian Council.
 37925 | Orc:1    | Found a transporter.
 37940 | Orc:1    | Found a transporter.
 37947 | Orc:1    | Found a transporter.
 38423 | Orc:1    | Found a transporter.
 38424 | Orc:1    | Noticed an orc warlord
 38426 | Orc:1    | Found an ornate altar of the Wu Jian Council.
 38478 | Orc:2    | Entered Level 2 of the Orcish Mines
 38644 | Orc:2    | Found Fettyn's Antique Weapon Emporium.
 38665 | Orc:2    | Bought an encrusted rapier for 306 gold pieces
 38665 | Orc:2    | Identified the +2 rapier of the Nexus {distort, rCorr} (You
                  | bought it in a shop on level 2 of the Orcish Mines)
 38732 | Orc:2    | Found Lac Naaf's Armour Shop.
 38829 | Orc:2    | Found Etash's Weapon Emporium.
 38886 | Orc:2    | Noticed an orc warlord
 38913 | Orc:2    | Killed an orc warlord
 39305 | Orc:2    | Reached skill level 5 in Necromancy
 39305 | Orc:2    | Reached XP level 15. HP: 126/126 MP: 10/24
 39465 | Orc:2    | Found a staircase to the Elven Halls.
 39971 | Orc:2    | Paralysed by an orc sorcerer for 4 turns
 40622 | Orc:2    | Found Ziddaam's General Store.
 40622 | Orc:2    | Found Xurryshre's Book Shop.
 40631 | Orc:2    | Found Ekkece's Antique Weapon Emporium.
 40631 | Orc:2    | Found Ziept's Antique Weapon Shop.
 40782 | Orc:2    | Bought a scroll of identify for 22 gold pieces
 40790 | Orc:2    | Bought an iridescent long sword for 195 gold pieces
 40790 | Orc:2    | Identified the +3 long sword "Upapidd" {freeze, rElec
                  | Str+4} (You bought it in a shop on level 2 of the Orcish
                  | Mines)
 40791 | Orc:2    | Bought a crystal scimitar for 252 gold pieces
 40791 | Orc:2    | Identified the +10 scimitar of a bazaar {holy, *Rage rElec
                  | rN+ SInv} (You bought it in a shop on level 2 of the Orcish
                  | Mines)
 41003 | Orc:1    | Reached skill level 1 in Long Blades
 42356 | D:15     | Killed Agnes
 42397 | D:15     | Reached skill level 5 in Long Blades
 42772 | D:15     | Identified Roxanne's Anthology of Transformation
 42772 | D:15     | Noticed Roxanne
 42882 | D:15     | Killed Roxanne
 44071 | D:15     | Found a staircase to the Depths.
 44284 | Orc:2    | Bought a scroll of teleportation for 33 gold pieces
 44284 | Orc:2    | Bought a scroll of teleportation for 33 gold pieces
 44461 | Snake:1  | Entered Level 1 of the Snake Pit
 45124 | Snake:1  | Noticed Louise
 46190 | Snake:1  | Killed Louise
 48711 | Snake:2  | Reached XP level 16. HP: 125/134 MP: 8/25
 49536 | D:2      | Bought a potion of berserk rage for 65 gold pieces
 50229 | Snake:2  | Found a glowing silver altar of Zin.
 50815 | Snake:2  | Reached skill level 10 in Transmutations
 52005 | Snake:2  | Found a glowing silver altar of Zin.
 53064 | Snake:3  | Learned a level 6 spell: Statue Form
 53910 | Snake:3  | Noticed Asterion
 53923 | Snake:3  | Killed Asterion
 54635 | Snake:3  | Noticed Vashnia
 54647 | Snake:3  | Killed Vashnia
 56125 | Snake:4  | Entered Level 4 of the Snake Pit
 56132 | Snake:4  | Reached XP level 17. HP: 127/143 MP: 9/29
 57137 | Shoals:1 | Entered Level 1 of the Shoals
 57253 | Shoals:1 | Noticed Kirke
 57265 | Shoals:1 | Killed Kirke
 59376 | D:11     | Learned a level 8 spell: Lehudib's Crystal Spear
 59558 | Elf:1    | Entered Level 1 of the Elven Halls
 59653 | Elf:1    | Found Zithraci's Antique Armour Shop.
 59751 | Elf:1    | Found a magical portal.
 59754 | Elf:1    | Acquired a book of Blood
 59762 | WizLab   | Entered Tukima's Studio
 60520 | WizLab   | Noticed a walking crystal tome
 60626 | WizLab   | Noticed a walking divine tome
 60959 | WizLab   | Killed a walking crystal tome
 60972 | WizLab   | Killed a walking divine tome
 60973 | WizLab   | Reached skill level 10 in Spellcasting
 61275 | WizLab   | Learned a level 1 spell: Apportation
 61543 | WizLab   | Noticed Cheops's illusion
 61620 | WizLab   | Noticed Cheops's illusion
 62235 | Elf:1    | Noticed Jorgrun
 62263 | Elf:1    | Killed Jorgrun
 62721 | Elf:1    | Learned a level 2 spell: Sublimation of Blood
 62997 | Elf:1    | Got the Exposition on Conflict
 63524 | Elf:1    | Found Zithraci's Antique Armour Shop.
 64228 | D:11     | Learned a level 6 spell: Iron Shot
 65407 | Shoals:2 | Identified the +7 hand axe of Foul Odours {flame, rPois rF+
                  | rCorr}
 65496 | Shoals:3 | Reached XP level 18. HP: 155/155 MP: 25/32
 66226 | Shoals:3 | Reached skill level 10 in Conjurations
 66590 | Shoals:4 | Entered Level 4 of the Shoals
 67628 | Shoals:4 | Paralysed by a sphinx for 4 turns
 67640 | Shoals:4 | Paralysed by a sphinx for 5 turns
 67741 | Shoals:4 | Identified the ring "Eblad Erukoa" {*Slow rElec rF+++ rN+
                  | Dex-4}
 68159 | Shoals:4 | Identified the +3 battleaxe of Exomoxof {freeze, rPois
                  | Int+4}
 68324 | Shoals:4 | Identified the ring of Salvation {rC+ EV+5 Int+2}
 68420 | Shoals:4 | Got a barnacled rune of Zot
 68443 | Shoals:4 | Paralysed by a sphinx for 5 turns
 68451 | Shoals:4 | Paralysed by a sphinx for 2 turns
 72637 | Snake:4  | Reached XP level 19. HP: 161/161 MP: 28/34
 73036 | Snake:4  | Got a serpentine rune of Zot
 73051 | Snake:4  | Learned a level 5 spell: Borgnjor's Vile Clutch
 74064 | Elf:2    | Found a runed translucent door.
 74065 | Elf:2    | Noticed 0gre's ghost (adept GnIE)
 74397 | Elf:2    | Found a huge runed translucent gate.
 74397 | Elf:2    | Found a huge runed translucent gate.
 74397 | Elf:2    | Found a huge runed translucent gate.
 74399 | Elf:2    | Found a huge runed translucent gate.
 74399 | Elf:2    | Found a huge runed translucent gate.
 74531 | Elf:2    | Paralysed by an air elemental for 1 turns
 74755 | Elf:3    | Entered Level 3 of the Elven Halls
 74783 | Elf:2    | Acquired the ring "Rocript" {rC+ Will+ Dex+3 Stlth+}
 74961 | Elf:3    | Reached skill level 10 in Long Blades
 75022 | Elf:3    | Found Iviuno Syrr's Antique Weapon Shop.
 75610 | Elf:3    | Identified the +5 plate armour of Meim Yro {rN+ Regen+}
 76158 | Elf:3    | Identified the +11 mace "Gotu" {spect, rC+++ rCorr Int-5
                  | SInv}
 76418 | Elf:3    | Identified the ring "Awkiocap" {rElec rC+ Int+3 Stlth-}
 77037 | Elf:3    | Identified the +1 spear of Megalomania {flame, rC+ Int-5
                  | Dex+2}
 77260 | Elf:3    | Got Caxebam's Secrets of Metamorphic Hyperthermia
 77303 | Elf:3    | Identified the staff of earth "Osyres" {MP+9 Str+3 Int+3
                  | Dex-2}
 77375 | Elf:3    | Identified the +1 scale mail of Sloth {Regen+ Int+4}
 77507 | Elf:3    | Identified the ring of the Fool {rF+ Will+ MP+9}
 77653 | Elf:3    | Identified the +1 pair of gloves of Proximity {rC+ Str+7}
 77995 | Vaults:1 | Entered Level 1 of the Vaults
 79165 | Vaults:1 | Found a huge runed gate.
 79165 | Vaults:1 | Found a huge runed gate.
 79165 | Vaults:1 | Found a huge runed gate.
 79165 | Vaults:1 | Found a huge runed gate.
 79165 | Vaults:1 | Found a huge runed gate.
 79165 | Vaults:1 | Found a huge runed gate.
 79166 | Vaults:1 | Found a huge runed gate.
 79166 | Vaults:1 | Found a huge runed gate.
 79184 | Vaults:1 | Found a huge runed gate.
 79184 | Vaults:1 | Found a huge runed gate.
 79184 | Vaults:1 | Found a huge runed gate.
 79185 | Vaults:1 | Found a huge runed gate.
 79186 | Vaults:1 | Found a huge runed gate.
 79187 | Vaults:1 | Found a huge runed gate.
 79188 | Vaults:1 | Found a huge runed gate.
 79189 | Vaults:1 | Found a huge runed gate.
 79197 | Vaults:1 | Found a huge runed gate.
 79197 | Vaults:1 | Found a huge runed gate.
 79197 | Vaults:1 | Found a huge runed gate.
 79197 | Vaults:1 | Found a huge runed gate.
 79197 | Vaults:1 | Found a huge runed gate.
 79197 | Vaults:1 | Found a huge runed gate.
 79198 | Vaults:1 | Found a huge runed gate.
 79199 | Vaults:1 | Found a huge runed gate.
 79200 | Vaults:1 | Found a huge runed gate.
 79208 | Vaults:1 | Found a huge runed gate.
 79208 | Vaults:1 | Found a huge runed gate.
 79208 | Vaults:1 | Found a huge runed gate.
 79208 | Vaults:1 | Found a huge runed gate.
 79208 | Vaults:1 | Found a huge runed gate.
 79208 | Vaults:1 | Found a huge runed gate.
 79209 | Vaults:1 | Found a huge runed gate.
 79210 | Vaults:1 | Found a huge runed gate.
 79211 | Vaults:1 | Found a huge runed gate.
 79219 | Vaults:1 | Found a huge runed gate.
 79219 | Vaults:1 | Found a huge runed gate.
 79596 | Vaults:1 | Found Kuost's Armour Emporium.
 79714 | Vaults:1 | Bought the sphere of Battle for 1200 gold pieces
 79714 | Vaults:1 | Found the sphere of Battle
 79803 | Vaults:1 | Upgraded the game from 0.30.0-30-g96aa6591b8 to 0.30.1
 79845 | Vaults:1 | Reached XP level 20. HP: 169/169 MP: 7/35
 81100 | Vaults:2 | Reached skill level 10 in Invocations
 81698 | Vaults:2 | Reached skill level 5 in Evocations
 84105 | Vaults:2 | Found a staircase to the Crypt.
 84896 | Vaults:3 | Noticed Bai Suzhen
 84904 | Vaults:3 | Killed Bai Suzhen
 85215 | Vaults:3 | Reached XP level 21. HP: 176/176 MP: 30/37
 85268 | Vaults:3 | Noticed Mara
 85271 | Vaults:3 | Noticed Cheops's illusion
 85287 | Vaults:3 | Killed Mara
 85862 | Vaults:3 | Noticed Saint Roka
 85875 | Vaults:3 | Killed Saint Roka
 85876 | Vaults:3 | Reached skill level 15 in Conjurations
 85876 | Vaults:3 | Reached skill level 15 in Earth Magic
 86036 | Vaults:3 | Identified the ring "Waapt" {rC+ Str+6}
 86132 | Vaults:3 | Noticed Xtahua
 86149 | Vaults:3 | Killed from afar by Xtahua

Illustrated notes

Levels and vault maps discovered:
D:1:      eino_arrival_water_star, layout_basic, serial_forest,
          infiniplex_forest_clump_double, infiniplex_forest_clump_C,
          infiniplex_forest_clump_curved, infiniplex_forest_straight_3,
          infiniplex_forest_lined_3, infiniplex_forest_straight_2,
          minmay_3d_cube
D:2:      wander_river, layout_loops_ring, hellmonk_ecumenical_altar_blasted,
          serial_shops, nicolae_shop_real_fake_doors, uniq_crazy_yiuf_cottage
D:3:      layout_basic, serial_park_tiny_2
D:4:      layout_loops_cross, hangedman_abyss_or_decor_stagger,
          minmay_quantized, uniq_menkaure, uniq_eustachio
D:5:      layout_loops_ring, minmay_temple_entry_hall
D:6:      layout_cave_pods, mainiacjoe_overflow_paths
D:7:      layout_gridville, kennysheep_orc_sif_temple, serial_glass,
          glass_columns_a, glass_columns_a, glass_columns_c, glass_columns_c,
          glass_columns_a, glass_columns_c, nicolae_ossuary_entry_plus,
          uniq_duvessa
D:8:      layout_rooms, gammafunk_temple_overflow_statue,
          minmay_misc_feat_more_columns, minmay_misc_feat_four_crosses
D:9:      layout_stronghold, serial_glass, glass_columns_a, glass_columns_b,
          serial_shops, nicolae_diamond_shop, kennysheep_dice, uniq_grum,
          uniq_gastronok, uniq_maggie
D:10:     layout_irregular_city, nicolae_overflow_two_pavilions, erik_orc_3,
          lightli_bailey_entry_fortress, skrybe_limestone_x, uniq_harold
D:11:     layout_basic, lair_entry_dummy, hellmonk_guarded_unrand_lears
D:12:     layout_basic, fedhas_altar_4
D:13:     layout_basic, david_vaults_1
D:14:     layout_irregular_city, nicolae_trove_entry_diagonal,
          doesnt_xom_only_xom
D:15:     grunt_enter_depths_magical_seal, layout_gridville,
          einodemon_armed_red_devil_minivault, uniq_agnes, uniq_roxanne
Temple:   regret_index_temple_sphere_string
Lair:1:   layout_regular_city, pond, infiniplex_staircase_pool_2,
          serial_bayou_shore_a
Lair:2:   layout_layer_cave, nicolae_shoals_entry_flooding
Lair:3:   layout_regular_city, guppyfry_snake_entry_island, st_stairs_12,
          nicolae_quartered_pool_super, dreamdust_deal_with_the_devil
Lair:4:   layout_regular_city, grunt_megastairs_2
Lair:5:   grunt_lair_end_beastmaster, layout_gridlike, slime_entry_1,
          gauntlet_entry_generic, serial_bayou_lagoon_b,
          infiniplex_staircase_pool
Shoals:1: layout_shoals, abandoned_shop, nicolae_shoals_land_atoll, uniq_kirke
Shoals:2: layout_shoals, portal_ice_cave_entry_dragon
Shoals:3: layout_shoals
Shoals:4: shoals_end_hellmonk_lost_city
Snake:1:  layout_layer_cave, grunt_megastairs_5, uniq_louise
Snake:2:  layout_honeycomb, basic_altar
Snake:3:  layout_onion_interference, grunt_megastairs_4, uniq_vashnia,
          uniq_asterion
Snake:4:  grunt_snake_rune_pools, layout_cave_town
Orc:1:    dreamdust_wu_jian_sword_trials, layout_caves
Orc:2:    grunt_orc_tribal_feast, layout_caves, serial_shops, shop, shop,
          nicolae_shop_pleasant_corner_grove, hangedman_minor_magic
Elf:1:    layout_geoelf_grid, infiniplex_enter_wizlab_spiral, serial_shops,
          shop, minmay_elf_annihilation, uniq_jorgrun
Elf:2:    elven_hall_of_blades_hangedman_alternative [mumra_blade_entry_dagger],
          layout_geoelf_octagon, ebering_ghost_inner_flame
Elf:3:    grunt_elf_hall_branching, layout_onion_city, serial_shops,
          nicolae_shop_hallway_plus
Vaults:1: nicolae_vaults_layer_cake_slice, nicolae_vaults_shrinking_rooms_1,
          vaults_dpeg_ring, v_misc_18, door_vault, nicolae_vaults_diamond_2,
          ontoclasm_vaults_idyll, nicolae_vaults_heart-shaped_vault,
          nicolae_vaults_taking_the_gang_shopping,
          nicolae_vaults_trapezoid_lopsided_3, layout_vaults_quadrants
Vaults:2: nicolae_vaults_closet_pinwheel_5, v_misc_30, v_misc_14,
          minmay_crypt_entry_skeletal_spiral, vaults_room_door_ring,
          nicolae_vaults_quadrants, nicolae_vaults_trapezoid_lopsided_3,
          vaults_standard_mumra_lines, nicolae_vaults_house_1,
          grunt_vaults_trifunnel, grunt_vaults_hallway_long,
          hangedman_vaults_variations, nicolae_vaults_rhombus_5,
          vaults_room_stairs_pillars, v_misc_12, layout_vaults_omnibox,
          uniq_margery
Vaults:3: nicolae_vaults_double_plus_2, nicolae_vaults_house_3,
          grunt_vaults_twisty, ontoclasm_vaults_spin,
          nicolae_vaults_closet_pinwheel_5, nicolae_vaults_network_barrier,
          v_misc_33, dpeg_vaults_monster_box, vaults_dpeg_emergency_exit,
          st_cells, nicolae_vaults_diamond_1, nicolae_vaults_storage_room_doors,
          nicolae_vaults_tetromino_T_1, nicolae_vaults_tetromino_Z_1,
          layout_vaults_omnicross, uniq_mara, uniq_xtahua, uniq_bai_suzhen,
          uniq_saint_roka

Skill      XL: |  1  2  3  4  5  6  7  8  9 10 11 12 13 14 15 16 17 18 19 20 21 |
---------------+----------------------------------------------------------------+-----
Spellcasting   | 2 3 4 5 6 8 10 11 12 | 12.0
Earth Magic    | 3 4 5 6 9 10 12 13 14 15 | 15.0
Stealth        | 3 5 6 8 11 12 13 | 13.7
Conjurations   | 1 2 4 5 6 8 9 12 13 14 15 | 15.0
Short Blades   | 1 4 8 10 | 10.0
Transmutations | 3 5 6 8 11 | 11.0
Evocations     | 4 8 |  8.0
Invocations    | 4 5 6 9 10 11 | 11.3
Fighting       | 6 7 8 9 |  9.1
Shields        | 5 |  5.1
Translocations | 6 |  6.0
Necromancy     | 5 6 |  6.7
Long Blades    | 7 12 | 12.6
Dodging        | |  1.3

Action                     |  1- 3 |  4- 6 |  7- 9 | 10-12 | 13-15 | 16-18 | 19-21 || total
---------------------------+-------+-------+-------+-------+-------+-------+-------++-------
  Melee: Unarmed           |    27 |       |    10 |       |       |       |       ||    37
         Tailslap          |     4 |       |    13 |    19 |    86 |   137 |   166 ||   425
         Dagger            |       |     3 |    72 |   154 |   451 |   255 |    20 ||   955
         Punch             |       |       |     2 |       |       |       |       ||     2
         Short sword       |       |       |    22 |       |       |       |       ||    22
         Staff             |       |       |       |     1 |       |       |       ||     1
         Scimitar          |       |       |       |       |    65 |   536 |   849 ||  1450
         Long sword        |       |       |       |       |       |    31 |    72 ||   103
   Cast: Sandblast         |    53 |    75 |   200 |   122 |   169 |   133 |    14 ||   766
         Stone Arrow       |       |       |    43 |   172 |   392 |   269 |    41 ||   917
         Passwall          |       |       |    14 |    48 |    27 |    48 |    22 ||   159
         Petrify           |       |       |       |    12 |    61 |    85 |    18 ||   176
         Lee's Rapid Decon |       |       |       |    11 |    27 |    53 |     3 ||    94
         Iskenderun's Myst |       |       |       |       |     7 |    19 |     1 ||    27
         Borgnjor's Vile C |       |       |       |       |     3 |       |       ||     3
         Statue Form       |       |       |       |       |       |    30 |    55 ||    85
         Apportation       |       |       |       |       |       |     2 |       ||     2
         Iron Shot         |       |       |       |       |       |    32 |    67 ||    99
 Invoke: Stomp             |       |       |       |       |       |     1 |     7 ||     8
         Line Pass         |       |       |       |       |       |     1 |     1 ||     2
         Grand Finale      |       |       |       |       |       |       |     1 ||     1
Ability: End Transformatio |       |       |       |       |       |    12 |    10 ||    22
  Evoke: Wand              |       |       |       |    11 |    16 |     7 |       ||    34
         Lightning rod     |       |       |       |       |     7 |     2 |       ||     9
         Box of beasts     |       |       |       |       |       |       |     1 ||     1
    Use: Scroll            |       |       |    16 |    22 |    16 |     9 |     5 ||    68
         Potion            |       |       |       |     1 |     6 |     4 |     5 ||    16
   Stab: Sleeping          |       |     1 |     4 |    22 |    17 |    14 |    12 ||    70
         Paralysed         |       |       |     5 |    26 |    85 |    84 |   121 ||   321
         Petrified         |       |       |       |    11 |    35 |    60 |    10 ||   116
         Petrifying        |       |       |       |     1 |     7 |    20 |     5 ||    33
         Invisible         |       |       |       |       |       |     1 |       ||     1
         Distracted        |       |       |       |       |       |     2 |     2 ||     4
         Confused          |       |       |       |       |       |       |     1 ||     1
 Armour: Robe              |    27 |     8 |   114 |    48 |       |       |       ||   197
         Skin              |       |       |     6 |       |       |   285 |   426 ||   717
         Steam dragon scal |       |       |       |   213 |   296 |   288 |   102 ||   899
  Dodge: Dodged            |    43 |    25 |   153 |   204 |   315 |   432 |   411 ||  1583
         Repelled          |       |       |       |     4 |    12 |    16 |       ||    32
  Block: Buckler           |       |       |       |       |   326 |   610 |   616 ||  1552
         Reflection        |       |       |       |       |    21 |   108 |    67 ||   196
         Orb               |       |       |       |       |       |       |     8 ||     8
